 Dungeon Crawl Stone Soup version 0.29-a0-2-g12fcac58f8 (webtiles) character file.

Game seed: 11648444415566303535

12126 fragbeetle the Cleaver (level 11, -15/95 HPs)
             Began as a Hill Orc Cinder Acolyte on Jan 26, 2022.
             Was an Elder of Ignis.
             Demolished by a minotaur (23 damage)
             ... in a Gauntlet.
             The game lasted 00:33:24 (16782 turns).

fragbeetle the Cleaver (Hill Orc Cinder Acolyte)   Turns: 16782, Time: 00:33:24

Health: -15/95     AC: 24    Str: 22    XL:     11   Next: 88%
Magic:  25/27      EV:  8    Int: 18    God:    Ignis [****..]
Gold:   818        SH:  0    Dex:  6    Spells: 14/19 levels left

rFire   + . .      SeeInvis .   L - +2 hand axe (vorpal)
rCold   . . .      Faith    .   (no shield)
rNeg    . . .      Spirit   .   b - +1 chain mail {Will+}
rPois   .          Reflect  .   d - +0 hat
rElec   .          Harm     .   w - +0 cloak
rCorr   .          Rampage  +   g - +2 pair of gloves "Neivap" {Fly Int+2}
Will    +....      NoTele   +   u - +0 pair of boots {rampage}
Stlth   ..........              (no amulet)
HPRegen 0.25/turn               j - ring of magical power
MPRegen 0.20/turn               A - ring of wizardry

@: mighty, on berserk cooldown, fiery-armoured, flying, very slightly
contaminated, slowed, studying Translocations, very slow
A: horns 1, strong 1
a: Renounce Religion, Fiery Armour, Foxfire Swarm, Rising Flame


You were in a Gauntlet.
You worshipped Ignis.
Ignis was greatly pleased with you.
You visited 2 branches of the dungeon, and saw 12 of its levels.
You also visited: Bailey and Gauntlet.

You collected 994 gold pieces.
You spent 176 gold pieces at shops.

Inventory:

Hand Weapons
 a - a -1 hand axe of flaming
 n - a +0 vorpal spear
 r - a +3 morningstar of protection
 L - a +2 vorpal hand axe (weapon)
Missiles
 c - 10 datura-tipped darts
 k - 5 throwing nets
 C - 30 poisoned darts
 D - 23 boomerangs
 F - 13 curare-tipped darts
Armour
 b - a +1 chain mail of willpower (worn)
 d - a +0 hat (worn)
 g - the +2 pair of gloves "Neivap" (worn) {Fly Int+2}
   (You found it in a Gauntlet)

   Int:       It affects your intelligence (+2).
   Fly:       It grants you flight.
 s - a +2 leather armour of willpower
 u - a +0 pair of boots of rampaging (worn)
 w - a +0 cloak (worn)
 J - +0 steam dragon scales
 M - a +4 plate armour of fire resistance
 N - a +1 robe of fire resistance
 O - a +0 troll leather armour
Jewellery
 i - a ring of ice
 j - a ring of magical power (left hand)
 v - the ring of Deigeun {rN+ Int+4 Slay+2}
   (You found it in a Gauntlet)

   [ring of positive energy]

   Int:       It affects your intelligence (+4).
   Slay:      It affects your accuracy & damage with ranged weapons and melee
   (+2).
   rN:        It protects you from negative energy.
 A - a ring of wizardry (right hand)
 H - a ring of poison resistance
Wands
 o - a wand of paralysis (10)
 t - a wand of charming (4)
 G - a wand of polymorph (14)
 P - a wand of flame (7)
Scrolls
 e - a scroll of identify
 f - 2 scrolls of teleportation
 h - 4 scrolls of fog
 l - 2 scrolls of amnesia {unknown}
 x - 3 scrolls of enchant armour
 y - 2 scrolls of fear {unknown}
 z - 6 scrolls of immolation
Potions
 m - 3 potions of mutation
 p - 3 potions of might
 q - 2 potions of curing
 B - a potion of lignification
Miscellaneous
 I - a piece from Xom's chessboard (15/15)


   Skills:
 + Level 8.4 Fighting
 * Level 12.4 Axes
 * Level 6.2 Armour
 + Level 4.9 Spellcasting
 * Level 10.5 Fire Magic
 * Level 7.7 Ice Magic


You had 14 spell levels left.
You knew the following spells:

 Your Spells              Type           Power      Damage    Failure   Level
a - Scorch                Fire           84%        2d9       1%          2
b - Frozen Ramparts       Ice            64%        1d8       4%          3

Your spell library contained the following spells:

 Spells                   Type           Power      Damage    Failure   Level
 Freeze                   Ice            100%       1d11      1%          1
 Hailstorm                Conj/Ice       18%        3d6       58%         4
 Airstrike                Air            2%         N/A       98%         4
 Summon Lightning Spire   Summ/Air       4%         N/A       98%         4
 Lightning Bolt           Conj/Air       2%         1d13      100%        5


Dungeon Overview and Level Annotations

Branches:
Dungeon (11/15)            Temple (1/1) D:5            Lair (0/6) D:11
    Orc (0/2) D:9          Bailey (visited)         Gauntlet (1/1)

Altars:
Ashenzari
Cheibriados
Dithmenos
Elyvilon
Fedhas
Gozag
Hepliaklqana
Kikubaaqudgha
Makhleb
Nemelex Xobeh
Okawaru
Qazlal
Ru
Sif Muna
Trog
Uskayaw
Vehumet
Wu Jian
Xom
Yredelemnul
Zin
The Shining One
Beogh

Shops:
D:1 =   D:10 *

Portals:
Trove: D:10 (give 11 potions of heal wounds)

Annotations:
D:2 1 runed translucent door, Crazy Yiuf Gauntlet 6 transporters, exclusion: obsidian statue


Innate Abilities, Weirdness & Mutations

You have a pair of small horns on your head.
Your muscles are strong. (Str +2)


Message History

The small abomination hits you but does no damage. x2
The small abomination hits you.
The small abomination barely misses you.
The small abomination hits you but does no damage.
The small abomination hits you.
A minotaur comes into view.
It is wielding a +0 glaive of holy wrath.
The small abomination hits you.
The small abomination closely misses you.
The small abomination hits you!
Casting: Scorch (safe; 1% risk of failure)
Confirm with . or Enter, or press ? or * to list all spells.
Casting: Frozen Ramparts (mildly dangerous; 4% risk of failure)
Press: ? - help, Dir - look around, f - activate You miscast Frozen Ramparts.
You are very lightly contaminated with residual magic.
Nothing appears to happen.
The small abomination hits you but does no damage.
The small abomination hits you.
* * * LOW HITPOINT WARNING * * *
Unknown command.
A protective cloak of flame settles atop you.
The small abomination hits you.
* * * LOW HITPOINT WARNING * * *
The small abomination is burned by your cloak of flames.
The small abomination is moderately damaged.
The small abomination barely misses you.
Unknown command.
Okay, then.
You feel very mighty all of a sudden.
The minotaur bellows!
The small abomination barely misses you.
The minotaur hits you from afar with a +0 glaive of holy wrath!
* * * LOW HITPOINT WARNING * * *
The small abomination closely misses you.
Unknown command.
The minotaur hits you with a +0 glaive of holy wrath.
* * * LOW HITPOINT WARNING * * *
The minotaur gores you but does no damage.
The minotaur hits you with a +0 glaive of holy wrath!!
You die...

########..#...# # #
.........≈#.©.# .#
.........∩#...# #.'
.........≈#.©.# ..#
########..#...#.#.#####
..≈33.!#..#...#.#.....
≈.≈≈.≈≈#..#.8....x...
≈≈..≈.3#..#...###H##.#
..≈≈.≈)#..#.8xxx@....#
≈..≈..©#..#...########
≈.≈≈...#..#≈8≈#
.≈..≈.≈#..#####
≈..≈≈≈.#..#
©≈≈...[#..###
########..#8#
..........###
.........≈#


You could see a minotaur and 4 small abominations.

Vanquished Creatures
  Gastronok (D:10)
  Harold (D:8)
  A centaur warrior (D:11)
  Sonja (D:10)
  Maurice (D:10)
  Joseph (D:7)
  Maggie (D:8)
  A troll (D:9)
  7 flying skulls (Gauntlet)
  A meliai zombie (D:6)
  A shadow (D:4)
  4 yaks (D:10)
  A wraith (D:10)
  A golden eye (Gauntlet)
  A steam dragon (D:7)
  2 water moccasins
  9 orc warriors
  An ice beast (D:5)
  A black bear (D:5)
  3 ogres
  3 necrophages
  10 centaurs
  A phantom (D:4)
  8 kobold brigands
  2 scorpions (D:7)
  A wyvern zombie (D:8)
  2 water moccasin skeletons
  9 killer bees
  3 wights
  5 howler monkeys
  8 hounds
  14 orc priests
  3 jellies
  2 gnoll shamans
  A bullfrog skeleton (D:5)
  2 centaur skeletons
  2 iguanas
  Natasha (thrice) (D:2)
  Terence (D:2)
  9 orc wizards
  2 hound zombies (D:5)
  A hound skeleton (D:4)
  2 howler monkey zombies
  5 adders
  13 gnolls
  A howler monkey skeleton (D:4)
  5 white imps
  2 ufetubi
  2 worms (D:2)
  2 dart slugs
  36 orcs
  6 ball pythons
  3 bats
  7 endoplasms
  3 giant cockroaches
  12 goblins
  4 hobgoblins
  2 jackals (D:1)
  4 quokkas
  3 frilled lizards
  30 kobolds
  9 rats
283 creatures vanquished.

Vanquished Creatures (others)
  7 foxfires (Gauntlet)
  2 fungi (Gauntlet)
  7 plants
16 creatures vanquished.

Grand Total: 299 creatures vanquished

Notes
Turn   | Place    | Note
-------+----------+-------------------------------------------
     0 | D:1      | fragbeetle the Hill Orc Cinder Acolyte began the quest for
                  | the Orb.
     0 | D:1      | Reached XP level 1. HP: 19/19 MP: 2/2
   273 | D:1      | Reached XP level 2. HP: 20/27 MP: 3/3
   787 | D:1      | Found a faded altar of an unknown god.
   881 | D:1      | Reached XP level 3. HP: 33/33 MP: 4/4
  1103 | D:1      | Found Cyaniul's Jewellery Boutique.
  1253 | D:1      | Learned a level 2 spell: Scorch
  1406 | D:2      | Noticed Natasha
  1415 | D:2      | Killed Natasha
  1416 | D:2      | Reached XP level 4. HP: 24/40 MP: 1/6
  1475 | D:2      | Reached skill level 5 in Axes
  1553 | D:2      | Noticed Natasha
  1557 | D:2      | Killed Natasha
  1621 | D:2      | Noticed Natasha
  1624 | D:2      | Killed Natasha
  1625 | D:2      | Reached XP level 5. HP: 44/46 MP: 0/7
  2161 | D:2      | Found a runed translucent door.
  2162 | D:2      | Noticed Crazy Yiuf
  2523 | D:2      | Noticed Terence
  2531 | D:2      | Killed Terence
  2922 | D:3      | Found an opulent altar of Gozag.
  3198 | D:3      | Reached XP level 6. HP: 53/53 MP: 6/9
  3482 | D:3      | Reached skill level 6 in Axes
  3491 | D:3      | Learned a level 3 spell: Frozen Ramparts
  3848 | D:4      | Reached skill level 5 in Fire Magic
  4007 | D:4      | Reached skill level 1 in Ice Magic
  4097 | D:4      | Found a blossoming altar of Fedhas.
  4140 | D:4      | Reached XP level 7. HP: 49/60 MP: 10/10
  4230 | D:4      | Found an ancient bone altar of Kikubaaqudgha.
  4457 | D:4      | Reached skill level 5 in Fighting
  4648 | D:4      | Reached skill level 7 in Axes
  5100 | D:5      | Entered Level 5 of the Dungeon
  5119 | D:5      | Reached XP level 8. HP: 64/68 MP: 10/11
  5226 | D:5      | Noticed a shadow
  5241 | D:4      | Killed a shadow
  5296 | D:5      | Reached skill level 8 in Axes
  6067 | D:5      | Found a staircase to the Ecumenical Temple.
  6072 | Temple   | Entered the Ecumenical Temple
  6767 | D:6      | Reached XP level 9. HP: 22/75 MP: 1/13
  7088 | D:6      | Found a sparkling altar of Nemelex Xobeh.
  7251 | D:6      | Reached skill level 9 in Axes
  8124 | D:7      | Found a flagged portal.
  8190 | Bailey   | Entered a bailey
  8267 | Bailey   | Reached skill level 5 in Ice Magic
  8749 | Bailey   | Reached skill level 10 in Axes
  8886 | Bailey   | Found an iron altar of Okawaru.
  8992 | D:7      | Reached XP level 10. HP: 83/84 MP: 15/15
  9477 | D:7      | Reached skill level 1 in Armour
  9608 | D:7      | Noticed Joseph
  9625 | D:7      | HP: 4/86 [Joseph (8)]
  9626 | D:7      | Gained mutation: Your muscles are strong. (Str +2) [potion
                  | of mutation]
  9626 | D:7      | Gained mutation: You have a pair of small horns on your
                  | head. [potion of mutation]
  9628 | D:7      | Killed Joseph
 10743 | D:8      | Noticed Maggie
 10754 | D:8      | Killed Maggie
 10918 | D:8      | Noticed Harold
 10929 | D:8      | Killed Harold
 11233 | D:8      | Reached skill level 11 in Axes
 12007 | D:9      | Found a glowing silver altar of Zin.
 12037 | D:9      | Found an ornate altar of the Wu Jian Council.
 12543 | D:9      | Found a staircase to the Orcish Mines.
 12552 | D:9      | Found a roughly hewn altar of Beogh.
 13048 | D:9      | Reached XP level 11. HP: 68/93 MP: 14/17
 13702 | D:10     | Entered Level 10 of the Dungeon
 13717 | D:10     | Noticed Maurice
 14071 | D:10     | Killed Maurice
 14241 | D:10     | Found Colos's General Store.
 14245 | D:10     | Bought 3 scrolls of identify for 96 gold pieces
 14245 | D:10     | Bought a potion of heal wounds for 80 gold pieces
 14490 | D:10     | Noticed Gastronok
 14511 | D:10     | Killed Gastronok
 14512 | D:10     | Reached skill level 5 in Armour
 14616 | D:10     | Noticed Sonja
 14623 | D:10     | Killed Sonja
 14624 | D:10     | Reached skill level 10 in Fire Magic
 14697 | D:10     | Found a portal to a secret trove of treasure.
 14921 | D:10     | Reached skill level 12 in Axes
 15015 | D:10     | Found a roughly hewn altar of Beogh.
 15218 | D:10     | Found a glowing golden altar of the Shining One.
 15358 | D:11     | Found a gate leading to a gauntlet.
 15358 | D:11     | Noticed a centaur warrior
 15368 | D:11     | Killed a centaur warrior
 15619 | Gauntlet | Entered a Gauntlet
 15619 | Gauntlet | Noticed a fire crab
 15619 | Gauntlet | Found a transporter.
 15619 | Gauntlet | Found a transporter.
 15619 | Gauntlet | Found a transporter.
 15620 | Gauntlet | Found a transporter.
 15623 | Gauntlet | Found a transporter.
 15623 | Gauntlet | Found a transporter.
 15633 | Gauntlet | Found a transporter.
 15637 | Gauntlet | Found a transporter.
 15640 | Gauntlet | Noticed a sixfirhy
 15642 | Gauntlet | Noticed a sixfirhy
 15647 | Gauntlet | Found a transporter.
 15750 | Gauntlet | Noticed an obsidian statue
 15753 | Gauntlet | Found a transporter.
 15755 | Gauntlet | Found a transporter.
 15763 | Gauntlet | Found a transporter.
 16000 | Gauntlet | Paralysed by a floating eye for 2 turns
 16008 | Gauntlet | Paralysed by a floating eye for 4 turns
 16268 | Gauntlet | HP: 1/95 [flying skull (6)]
 16288 | Gauntlet | Identified the +2 pair of gloves "Neivap" {Fly Int+2}
 16767 | Gauntlet | Identified the ring of Deigeun {rN+ Int+4 Slay+2}
 16776 | Gauntlet | Noticed a minotaur
 16782 | Gauntlet | Demolished by a minotaur

Illustrated notes

Levels and vault maps discovered:
D:1:      dpeg_arrival_simpleton_c, layout_basic, serial_shops,
          nicolae_lakefront_shop, basic_ecumenical_altar
D:2:      layout_loops_ring, patterned_corridor, uniq_crazy_yiuf_cottage,
          uniq_terence, uniq_natasha
D:3:      layout_loops_ring, grunt_gozag_statues
D:4:      layout_loops_ring, nicolae_overflow_hidden_temple, old_standard_altar,
          chequers_serial_rivers_marsh, serial_bayou_crossing
D:5:      layout_loops_corners, minmay_temple_entry_grid,
          minmay_manual_monstrance
D:6:      layout_loops_ring, nemelex_spade_bored_becter
D:7:      layout_basic, enter_bailey_3, uniq_joseph
D:8:      layout_rooms, nicolae_figureground_pulse, uniq_maggie, uniq_harold
D:9:      layout_layer_cave, nicolae_wu_jian_wuxing_cycle,
          mainiacjoe_overflow_tiny_flanked, minmay_orc_entry_temple_large
D:10:     layout_long_grid, nicolae_tso_swordbearing_angel, enter_trove_1,
          serial_shops, shop_statue, david_defended_altar_orc, uniq_gastronok,
          uniq_sonja, uniq_maurice
D:11:     layout_layer_cave, due_lair_maze_entry_diamond,
          gauntlet_entry_generic, nicolae_shop_self_help
Temple:   regret_index_temple_generic_petals
Gauntlet: gammafunk_gauntlet_hard_choice [nicolae_gauntlet_arena_t_cross,
          gammafunk_gauntlet_arena_hedges, nicolae_gauntlet_arena_grate_2,
          gammafunk_gauntlet_arena_open, nicolae_gauntlet_arena_flowing_pool,
          nicolae_gauntlet_arena_x, nicolae_gauntlet_exit_dead_adventurers]

Skill      XL: |  1  2  3  4  5  6  7  8  9 10 11 |
---------------+----------------------------------+-----
Fighting       | 4 5 6 7 8 |  8.4
Fire Magic     | 4 5 6 7 8 9 10 | 10.5
Axes           | 5 6 7 8 10 11 12 | 12.4
Spellcasting   | 2 3 4 |  4.9
Ice Magic      | 1 2 4 5 6 7 |  7.7
Armour         | 4 6 |  6.2

Action                   |  1- 3 |  4- 6 |  7- 9 | 10-12 || total
-------------------------+-------+-------+-------+-------++-------
Melee: Hand axe          |    86 |    45 |   244 |   106 ||   481
       Punch             |       |       |     2 |       ||     2
       Morningstar       |       |       |       |    27 ||    27
       Headbutt          |       |       |       |    13 ||    13
Throw: Boomerang         |       |       |       |     1 ||     1
 Cast: Scorch            |     4 |    51 |   121 |   158 ||   334
       Frozen Ramparts   |       |       |     6 |    19 ||    25
Invok: Fiery Armour      |       |       |       |     3 ||     3
       Foxfire Swarm     |       |       |       |     1 ||     1
Evoke: Piece from Xom's  |       |       |       |     1 ||     1
       Wand              |       |       |       |    11 ||    11
  Use: Scroll            |       |       |     1 |    11 ||    12
       Potion            |       |       |       |     7 ||     7
 Stab: Sleeping          |     1 |       |       |       ||     1
       Paralysed         |       |       |       |     3 ||     3
Armor: Robe              |    25 |    11 |       |       ||    36
       Leather armour    |       |     9 |    99 |       ||   108
       Chain mail        |       |       |       |   214 ||   214
Dodge: Dodged            |    35 |    40 |   175 |   139 ||   389

Table legend: (Time is in decaauts)
 A = Elapsed time spent in this place.
 B = Non-inter-level travel time spent in this place.
 C = Inter-level travel time spent in this place.
 D = Time resting spent in this place.
 E = Time spent auto-exploring this place.
 F = Levels seen in this place.
 G = Mean time per level.
                   A        B        C        D        E       F      G
               +--------+--------+--------+--------+--------+-----+--------+
         Total |  16800 |  16367 |    433 |   3162 |  10256 |  14 | 1200.0 |
       Dungeon |  14696 |  14263 |    433 |   2136 |   9945 |  11 | 1336.0 |
        Temple |    207 |    207 |      0 |      0 |    172 |   1 |  207.0 |
        Bailey |    736 |    736 |      0 |    369 |      0 |   1 |  736.0 |
      Gauntlet |   1160 |   1160 |      0 |    657 |    139 |   1 | 1160.0 |
               +--------+--------+--------+--------+--------+-----+--------+

Top non-repeatable levels by time:
     D:9: 2319 daAuts
     D:7: 1874 daAuts
     D:5: 1616 daAuts
     D:2: 1585 daAuts
     D:4: 1285 daAuts
    D:10: 1281 daAuts
     D:1: 1251 daAuts
Gauntlet: 1160 daAuts
     D:8: 1121 daAuts
     D:3: 1055 daAuts
     D:6: 1003 daAuts
  Bailey: 736 daAuts
    D:11: 302 daAuts
  Temple: 207 daAuts
